 Dungeon Crawl Stone Soup version 0.31-a0-538-gbc85326fa9 (webtiles) character file.

Game seed: 310991112268391118

342 jlumianski the Magician (level 6, -3/46 HPs)
             Began as a Djinni Fire Elementalist on Aug 13, 2023.
             Slain by Pikel
             ... wielding a +2 whip of electrocution
              (11 damage)
             ... on level 4 of the Dungeon.
             The game lasted 00:14:02 (2355 turns).

jlumianski the Magician (Djinni Fire Elementalist)  Turns: 2355, Time: 00:14:02

Health: -3/46      AC:  3    Str:  7    XL:     6   Next: 88%
Gold:   165        EV: 13    Int: 24    God:
                   SH:  0    Dex: 14

rFire   + + .        w - +2 rapier (venom)
rCold   x . .        (no shield)
rNeg    . . .        a - +0 robe
rPois   ∞            (no helmet)
rElec   .            (no cloak)
rCorr   .            o - +0 pair of gloves
SInv    .            (boots unavailable)
Will    .....        (no amulet)
Stlth   ++           d - +6 ring of intelligence
HPRegen 0.27/turn    (no ring)
MPRegen 0.00/turn

%: infuse magic (-4 HP)
@: flying
A: sickness immunity, fire resistance 2, cold vulnerability 1, float, innate
caster, HP casting, extra vitality 1
a: no special abilities


You were on level 4 of the Dungeon.
You visited 1 branch of the dungeon, and saw 5 of its levels.

You collected 165 gold pieces.

Inventory:

Hand Weapons
 f - a +0 dagger
 j - a +0 long sword
 w - a +2 rapier of venom (weapon)
Missiles
 b - 8 poisoned darts
 c - 3 atropa-tipped darts
 q - 3 boomerangs
Armour
 a - a +0 robe (worn)
 o - a +0 pair of gloves (worn)
Jewellery
 d - a +6 ring of intelligence (left hand)
Scrolls
 g - a scroll of fog {unknown}
 s - a scroll of enchant weapon {unknown}
 u - a scroll of revelation {unknown}
Potions
 e - 2 potions of brilliance
 h - 3 potions of might
 i - 2 potions of degeneration
 k - 3 potions of heal wounds
 l - a potion of invisibility
 m - a potion of ambrosia {unknown}
 n - a potion of haste
 p - a potion of cancellation {unknown}
 r - a potion of attraction {unknown}
 t - a potion of lignification {unknown}
 v - a potion of curing {unknown}


   Skills:
 * Level 3.4 Fighting
 + Level 0.7 Short Blades
 + Level 3.3 Dodging
 + Level 2.7 Stealth
 * Level 4.1 Spellcasting
 * Level 4.1 Conjurations
 * Level 4.1 Hexes
 * Level 4.1 Summonings
 * Level 4.1 Necromancy
 * Level 4.1 Translocations
 * Level 4.1 Transmutations
 * Level 4.1 Fire Magic
 * Level 4.1 Ice Magic
 * Level 4.1 Air Magic
 * Level 4.1 Earth Magic
 * Level 4.1 Poison Magic


You knew the following spells:

 Your Spells              Type           Power      Damage    Failure   Level
a - Foxfire               Conj/Fire      96%        2x1d8     1%          1
b - Scorch                Fire           48%        2d7       2%          2
c - Volatile Blastmotes   Fire/Tloc      48%        2d14      5%          3
d - Inner Flame           Hex/Fire       24%        N/A       5%          3
e - Flame Wave            Conj/Fire      24%        2d8       19%         4
f - Slow                  Hex            96%        N/A       1%          1
g - Momentum Strike       Conj/Tloc      48%        3d9       2%          2
Your spell library was empty.

Dungeon Overview and Level Annotations

Branches:
Dungeon (5/15)
 Temple: D:4-7

Altars:
Elyvilon

Annotations:
D:4 Pikel


Innate Abilities, Weirdness & Mutations

You are immune to sickness and miasma.
You are immune to poison.
Your flesh is very heat resistant. (rF++)
You are vulnerable to cold. (rC-)
You float through the air rather than walking.
You learn spells naturally, not from books.
Your magical power is your life essence.
You have superior vitality. (+4 MHP)


Message History

Your Conjurations skill increases to level 4!
Your Hexes skill increases to level 4!
Your Summonings skill increases to level 4!
Your Necromancy skill increases to level 4!
Your Translocations skill increases to level 4!
Your Transmutations skill increases to level 4!
Your Fire Magic skill increases to level 4!
Your Ice Magic skill increases to level 4!
Your Air Magic skill increases to level 4!
Your Earth Magic skill increases to level 4!
Your Poison Magic skill increases to level 4!
A goblin comes into view. It is wielding a +0 club.
Things that are here:
a +2 rapier of venom; a +0 leather armour; the human corpse of Eustachio
w - a +2 rapier of venom Your +2 rapier of venom begins to drip with poison!
w - a +2 rapier of venom (weapon)
Pikel shouts!
You hear a shout!
The goblin hits you but does no damage.
You closely miss the goblin. The goblin hits you but does no damage.
You hit the goblin.
You kill the goblin!
You see here a +0 club.
Casting: Foxfire (safe; 1% risk of failure)
Confirm with . or Enter, or press ? or * to list all spells.
A cloud of volatile blastmotes flares up around you!
Casting: Volatile Blastmotes (dangerous; 5% risk of failure)
Confirm with . or Enter, or press ? or * to list all spells.
Flames lash Pikel.
Pikel is lightly wounded.
Pikel's fire resistance burns away.
You hear a shout! x2
Pikel hits you with a +2 whip of electrocution!
You are electrocuted!
* * * LOW HITPOINT WARNING * * *
Pikel attacks as you move away!
Pikel hits you with a +2 whip of electrocution.
* * * LOW HITPOINT WARNING * * *
You are electrocuted!
You die...

#..............#########
#.####............##...#
#'####...5.............#
............5..........#
................#####..#
..................#....#
..#...........#[.......#
###...........#.K.#....#
.####..(...#.###@#.....#
.... .....#.. #........#
............. #.....##.#
..........#. .........#
........### ....###.##
.+.... .....+ .# ......#
# #.......


You could see Pikel (combustible) and a lemure.

Vanquished Creatures
  Eustachio (D:4)
  A scorpion (D:5)
  A hound (D:4)
  6 adders
  3 worms
  A dart slug (D:1)
  6 ball pythons
  5 bats
  6 endoplasms
  2 giant cockroaches (D:2)
  4 goblins
  5 hobgoblins
  2 quokkas
  2 frilled lizards (D:2)
  3 kobolds
  5 rats
53 creatures vanquished.

Vanquished Creatures (others)
  117 foxfires
117 creatures vanquished.

Grand Total: 170 creatures vanquished

Notes
Turn   | Place    | Note
-------+----------+-------------------------------------------
     0 | D:1      | jlumianski the Djinni Fire Elementalist began the quest for
                  | the Orb.
     0 | D:1      | jlumianski set off with the following spells memorised:
                  | Foxfire, Scorch, Volatile Blastmotes, Inner Flame, Flame
                  | Wave.
     0 | D:1      | Reached XP level 1. HP: 15/15 MP: 0/0
   186 | D:1      | Reached XP level 2. HP: 20/22 MP: 0/0
   364 | D:2      | Found a white marble altar of Elyvilon.
   486 | D:1      | Reached skill level 1 in Fighting
   636 | D:2      | Reached XP level 3. HP: 23/27 MP: 0/0
   636 | D:2      | Learned a level 1 spell: Slow
   913 | D:3      | Reached XP level 4. HP: 31/32 MP: 0/0
  1730 | D:4      | Noticed a lemure
  1731 | D:4      | Noticed a lemure
  1796 | D:5      | Entered Level 5 of the Dungeon
  1806 | D:5      | Reached XP level 5. HP: 37/38 MP: 0/0
  1806 | D:5      | Learned a level 2 spell: Momentum Strike
  1959 | D:4      | Reached XP level 6. HP: 20/45 MP: 0/0
  1991 | D:4      | Noticed Pikel
  2321 | D:4      | Noticed Eustachio
  2341 | D:4      | Killed Eustachio
  2355 | D:4      | Slain by Pikel

Illustrated notes

Levels and vault maps discovered:
D:1:      dpeg_arrival_pits, layout_basic, hangedman_feature_mirror,
          minmay_pentomino_x4
D:2:      layout_basic, basic_altar, minmay_quadrilaterals
D:3:      layout_rooms
D:4:      layout_basic, hangedman_decor_lopped, minmay_bisected, uniq_pikel,
          uniq_eustachio
D:5:      layout_gridville, temple_fountains, gammafunk_ghost_smash

Skill      XL: |  1  2  3  4  5  6 |
---------------+-------------------+-----
Spellcasting   | 4 |  4.1
Conjurations   | 4 |  4.1
Hexes          | 4 |  4.1
Summonings     | 4 |  4.1
Necromancy     | 4 |  4.1
Translocations | 4 |  4.1
Transmutations | 4 |  4.1
Fire Magic     | 4 |  4.1
Ice Magic      | 4 |  4.1
Air Magic      | 4 |  4.1
Earth Magic    | 4 |  4.1
Poison Magic   | 4 |  4.1
Fighting       | 1 2 3 |  3.4
Stealth        | 2 |  2.7
Dodging        | 3 |  3.3
Short Blades   | |  0.7

Action                     |  1- 3 |  4- 6 || total
---------------------------+-------+-------++-------
  Melee: Dagger            |    18 |    25 ||    43
         Rapier            |       |     2 ||     2
   Cast: Foxfire           |    35 |    30 ||    65
         Scorch            |       |    10 ||    10
         Momentum Strike   |       |     3 ||     3
         Volatile Blastmot |       |     3 ||     3
    Use: Scroll            |     3 |     1 ||     4
         Potion            |     1 |     1 ||     2
   Stab: Sleeping          |     1 |     1 ||     2
 Armour: Robe              |     5 |     6 ||    11
  Dodge: Dodged            |    17 |    34 ||    51

Table legend: (Time is in decaauts)
 A = Elapsed time spent in this place.
 B = Non-inter-level travel time spent in this place.
 C = Inter-level travel time spent in this place.
 D = Time resting spent in this place.
 E = Time spent auto-exploring this place.
 F = Levels seen in this place.
 G = Mean time per level.
                   A        B        C        D        E       F      G
               +--------+--------+--------+--------+--------+-----+--------+
         Total |   2343 |   2343 |      0 |     69 |   1465 |   5 |  468.6 |
       Dungeon |   2343 |   2343 |      0 |     69 |   1465 |   5 |  468.6 |
               +--------+--------+--------+--------+--------+-----+--------+

Top non-repeatable levels by time:
     D:2: 984 daAuts
     D:1: 598 daAuts
     D:3: 437 daAuts
     D:4: 270 daAuts
     D:5: 52 daAuts
